 Dungeon Crawl Stone Soup version 0.21-a0-297-ga3d34c2 (webtiles) character file.

2861 Hasart the Cleaver (level 10, -3/76 HPs)
             Began as a Formicid Fighter on Sept 28, 2017.
             Was a Follower of Wu Jian.
             Slain by a komodo dragon (19 damage)
             ... on level 8 of the Dungeon.
             The game lasted 00:15:18 (6787 turns).

Hasart the Cleaver (Formicid Fighter)               Turns: 6787, Time: 00:15:18

Health: -3/76      AC: 12    Str: 24    XL:     10   Next: 4%
Magic:  10/10      EV:  9    Int:  8    God:    Wu Jian [*.....]
Gold:   499        SH: 10    Dex: 10    Spells: 9/9 levels left

rFire    . . .     SeeInvis +   G - +2 flail (crush)
rCold    . . .     Gourm    .   c - +0 shield
rNeg     . . .     Faith    .   b - +0 scale mail
rPois    .         Spirit   .   (helmet unavailable)
rElec    .         Reflect  .   (no cloak)
rCorr    .         Harm     .   g - +0 pair of gloves
MR       +....                  (no boots)
Stlth    ..........             (no amulet)
HPRegen  0.22/turn              (no ring)
MPRegen  0.12/turn              K - +4 ring of protection

@: no status effects
A: permanent stasis, dig shafts and tunnels, four strong arms, antennae 3
a: Dig, Shaft Self, Renounce Religion


You were on level 8 of the Dungeon.
You worshipped Wu Jian.
Wu Jian was aware of your devotion.
You were not hungry.

You visited 2 branches of the dungeon, and saw 9 of its levels.

You collected 499 gold pieces.

Inventory:

Hand Weapons
 a - a +0 war axe
 G - a +2 flail of crushing (weapon)
Missiles
 p - a throwing net (quivered)
Armour
 b - a +0 scale mail (worn)
 c - a +0 shield (worn)
 g - a +0 pair of gloves (worn)
Jewellery
 i - a +3 ring of evasion {unknown}
 w - an uncursed ring of fire
 K - a +4 ring of protection (right hand)
Wands
 C - a wand of confusion (30/48)
 I - a wand of clouds (1/9)
 M - a wand of flame (13/48)
Scrolls
 e - 13 scrolls of identify
 l - 7 scrolls of remove curse
 o - 4 scrolls of amnesia {unknown}
 q - 2 scrolls of magic mapping {unknown}
 t - 2 scrolls of fog {unknown}
 u - 2 scrolls of random uselessness {unknown}
 v - 4 scrolls of recharging {unknown}
 y - 4 scrolls of enchant weapon {unknown}
 B - a scroll of enchant armour {unknown}
 D - a scroll of noise {unknown}
 E - a scroll of immolation {unknown}
Potions
 d - a potion of might
 h - a potion of resistance {unknown}
 j - 3 potions of haste {unknown}
 k - 2 potions of flight {unknown}
 s - a potion of mutation {unknown}
 z - 2 potions of heal wounds
 A - a potion of agility {unknown}
 F - a potion of ambrosia {unknown}
 H - 2 potions of magic {unknown}
 J - a potion of curing {unknown}
 L - 2 potions of invisibility {unknown}
Books
 r - a book of Changes

   Spells                             Type                      Level
   a - Beastly Appendage              Transmutation                1
   b - Sticks to Snakes               Transmutation                2
   c - Spider Form                    Transmutation/Poison         3
   d - Ice Form                       Ice/Transmutation            4
   e - Blade Hands                    Transmutation                5
 N - a book of Minor Magic

   Spells                             Type                      Level
   a - Magic Dart                     Conjuration                  1
   b - Blink                          Translocation                2
   c - Call Imp                       Summoning                    2
   d - Slow                           Hexes                        2
   e - Conjure Flame                  Conjuration/Fire             3
   f - Mephitic Cloud                 Conjuration/Poison/Air       3
 O - a book of Clouds

   Spells                             Type                      Level
   a - Poisonous Vapours              Poison/Air                   2
   b - Mephitic Cloud                 Conjuration/Poison/Air       3
   c - Conjure Flame                  Conjuration/Fire             3
   d - Freezing Cloud                 Conjuration/Ice/Air          6
   e - Ring of Flames                 Charms/Fire                  7
Comestibles
 f - 5 bread rations
 m - 4 royal jellies
 n - 3 meat rations
 x - a fruit


   Skills:
 + Level 6.2 Fighting
 * Level 10.4 Axes
 + Level 6.2 Armour
 + Level 6.5 Shields


You had 9 spell levels left.
You didn't know any spells.

Dungeon Overview and Level Annotations

Branches:
Dungeon (8/15)             Temple (1/1) D:7            Lair (0/6) D:8

Altars:
Cheibriados
Dithmenos
Elyvilon
Hepliaklqana
Kikubaaqudgha
Makhleb
Nemelex Xobeh
Okawaru
Qazlal
Ru
Sif Muna
Trog
Uskayaw
Wu Jian
Xom
Yredelemnul
Zin
The Shining One

Shops:
D:5 (

Annotations:
D:6 Blork the orc


Innate Abilities, Weirdness & Mutations

You cannot be hasted, slowed, berserked, paralysed or teleported.
You can dig through walls and to a lower floor.
Your four strong arms can wield two-handed weapons with a shield.
You have a pair of large antennae on your head. (SInv)


Message History

The komodo dragon bites you!
Your scale mail prevents you from hitting the komodo dragon.
The komodo dragon is lightly wounded.
You block the komodo dragon's attack.
The komodo dragon completely misses you.
You sock the komodo dragon!
The komodo dragon is moderately wounded.
The komodo dragon bites you!!
* * * LOW HITPOINT WARNING * * *
You hit the komodo dragon.
The komodo dragon is heavily wounded.
You block the komodo dragon's attack.
You sock the komodo dragon!
The komodo dragon is severely wounded.
The komodo dragon bites you.
* * * LOW HITPOINT WARNING * * *
You barely miss the komodo dragon.
The komodo dragon is severely wounded.
The komodo dragon bites you!!
You die... #.PPPPPP# ##PPPP..P# #..PP.>.P# ##..PP..PP# #.....PPPP# #..P.PPPPP#

#....PPPPP#
##########.#..l.PPP#
#..........#..@..PP#
###.###########....P##
.........# ###...##
###.####.# #.##.## #.#
#.# #....# #.####.#
#.#### ###[##...#
#.###### ..#..#.###
#......#
........######......#


You could see a komodo dragon.

Vanquished Creatures
  A centaur skeleton (D:7)
  Grinder (D:4)
  A hippogriff (D:7)
  2 water moccasins
  A sky beast (D:7)
  3 ice beasts
  A black bear (D:6)
  5 bullfrogs
  2 scorpions
  6 killer bees (D:7)
  A howler monkey (D:6)
  4 hounds
  An orc priest (D:7)
  4 iguanas
  6 orc wizards
  2 worker ants
  A worker ant zombie (D:5)
  14 gnolls
  11 adders
  2 shadow imps
  An ooze (D:2)
  3 adder skeletons
  4 worms
  14 dart slugs
  3 leopard geckos
  21 orcs
  6 bats
  3 giant cockroaches
  3 goblins
  8 hobgoblins
  9 jackals
  3 frilled lizards (D:2)
  A giant cockroach zombie (D:6)
  A jackal zombie (D:5)
  3 kobolds
  5 rats
157 creatures vanquished.

Vanquished Creatures (others)
  5 dream sheep (D:3)
  A plant (D:8)
6 creatures vanquished.

Grand Total: 163 creatures vanquished

Notes
Turn   | Place    | Note
-------+----------+-------------------------------------------
     0 | D:1      | Hasart the Formicid Fighter began the quest for the Orb.
     0 | D:1      | Reached XP level 1. HP: 18/18 MP: 1/1
    40 | D:1      | Reached XP level 2. HP: 10/24 MP: 2/2
   706 | D:1      | Reached skill level 3 in Axes
  1114 | D:2      | Reached XP level 3. HP: 26/29 MP: 3/3
  1257 | D:2      | Found a white marble altar of Elyvilon.
  1280 | D:2      | Reached XP level 4. HP: 35/35 MP: 4/4
  1290 | D:2      | Reached skill level 4 in Axes
  1328 | D:2      | Found a basalt altar of Yredelemnul.
  1598 | D:2      | Reached XP level 5. HP: 37/41 MP: 5/5
  1753 | D:3      | Reached skill level 5 in Axes
  2125 | D:3      | Found a shimmering altar of Xom.
  2125 | D:3      | Noticed a dream sheep
  2125 | D:3      | Noticed a dream sheep
  2125 | D:3      | Noticed a dream sheep
  2125 | D:3      | Noticed a dream sheep
  2125 | D:3      | Noticed a dream sheep
  2129 | D:3      | Killed a dream sheep
  2129 | D:3      | Killed a dream sheep
  2130 | D:3      | Killed a dream sheep
  2131 | D:3      | Killed a dream sheep
  2133 | D:3      | Killed a dream sheep
  2333 | D:4      | Reached XP level 6. HP: 44/47 MP: 6/6
  2387 | D:4      | Reached skill level 6 in Axes
  2871 | D:4      | Reached XP level 7. HP: 34/52 MP: 7/7
  2877 | D:4      | Reached skill level 7 in Axes
  3173 | D:4      | Noticed Grinder
  3188 | D:4      | Killed Grinder
  3318 | D:5      | Entered Level 5 of the Dungeon
  3340 | D:5      | Found Joepuac's Weapon Shoppe.
  3410 | D:5      | Found a glowing golden altar of the Shining One.
  3545 | D:5      | Reached skill level 8 in Axes
  4073 | D:5      | Noticed a water moccasin
  4081 | D:5      | Killed a water moccasin
  4081 | D:5      | Reached XP level 8. HP: 59/59 MP: 8/8
  4851 | D:6      | Noticed Blork the orc
  4860 | D:6      | Found a deep blue altar of Sif Muna.
  4984 | D:6      | Reached skill level 9 in Axes
  5029 | D:6      | Reached skill level 5 in Shields
  5224 | D:6      | Reached XP level 9. HP: 60/66 MP: 9/9
  5468 | D:7      | Reached skill level 5 in Fighting
  5468 | D:7      | Reached skill level 5 in Armour
  5800 | D:7      | Found a staircase to the Ecumenical Temple.
  5811 | Temple   | Entered the Ecumenical Temple
  5991 | Temple   | Became a worshipper of the Wu Jian Council
  6305 | D:7      | Reached skill level 10 in Axes
  6310 | D:7      | Noticed a hippogriff
  6317 | D:7      | Killed a hippogriff
  6610 | D:8      | Reached * piety under Wu Jian
  6704 | D:8      | Reached XP level 10. HP: 69/76 MP: 10/10
  6767 | D:8      | Found a staircase to the Lair.
  6768 | D:8      | Noticed a komodo dragon
  6787 | D:8      | Slain by a komodo dragon

Vault maps used:
D:1:      minmay_arrival_stone_box
D:2:      cheibrodos_old_hovel, marbit_many_paths, lemuel_round_altar
D:3:      kb_xom_exploding_sheep
D:4:      kennysheep_slugbush, corexii_leaking_fountain, uniq_grinder
D:5:      serial_shops, shop, first_bread, dk_noncrumbling_2, tso_altar
D:6:      tgw_sif
D:7:      minmay_temple_entry_steel_oval
D:8:      minmay_distorted_concentric_squares, fedhas_altar_decomposition,
          david_lair_shrubbed
Temple:   regret_index_temple_generic_petals

Skill      XL: |  1  2  3  4  5  6  7  8  9 |
---------------+----------------------------+-----
Axes           | 3 4 5 6 8 9 10 | 10.4
Shields        | 5 6 |  6.5
Armour         | 4 6 |  6.2
Fighting       | 4 6 |  6.2

Action                   |  1- 3 |  4- 6 |  7- 9 | 10-12 || total
-------------------------+-------+-------+-------+-------++-------
Melee: War axe           |    67 |   192 |    68 |       ||   327
       Flail             |       |       |   216 |    20 ||   236
Evoke: Wand              |       |       |     2 |       ||     2
  Use: Scroll            |       |     1 |     3 |       ||     4
       Potion            |       |       |     2 |       ||     2
 Stab: Confused          |       |       |     1 |       ||     1
  Eat: Chunk             |     1 |     6 |    12 |     1 ||    20
Armor: Scale mail        |    26 |    87 |   117 |     5 ||   235
Dodge: Dodged            |    18 |    75 |    93 |     7 ||   193
Block: Shield            |    33 |   114 |   174 |     4 ||   325

Table legend:
 A = Spawn XP
 B = Non-spawn XP
 C = Spawn XP percentage of total XP
 D = Spawn monster count
 E = Non-spawn monster count
 F = Spawn count percentage of total count
 G = Total turns spent on level
                    A         B        C        D         E        F      G
               +---------+---------+-------+---------+---------+-------+---------
         Total |       0 |    4088 |   0.0 |       0 |     157 |   0.0 |  6787
               +---------+---------+-------+---------+---------+-------+---------
           D:1 |       0 |      27 |   0.0 |       0 |      13 |   0.0 |  1110
           D:2 |       0 |     119 |   0.0 |       0 |      27 |   0.0 |   567
           D:3 |       0 |     119 |   0.0 |       0 |      18 |   0.0 |   653
           D:4 |       0 |     594 |   0.0 |       0 |      32 |   0.0 |   988
           D:5 |       0 |     230 |   0.0 |       0 |      12 |   0.0 |   816
           D:6 |       0 |     950 |   0.0 |       0 |      25 |   0.0 |  1302
           D:7 |       0 |    1619 |   0.0 |       0 |      23 |   0.0 |   940
           D:8 |       0 |     430 |   0.0 |       0 |       7 |   0.0 |   199
               +---------+---------+-------+---------+---------+-------+---------
